 Dungeon Crawl Stone Soup version 0.31.0-12-g77e489cdc1 (webtiles) character file.

Game seed: 2234781937716467679

317 Chiseanne the Trooper (level 6, -10/48 HPs)
             Began as a Demonspawn Wanderer on Feb 16, 2024.
             Mangled by an ogre
             ... wielding a +0 giant spiked club
              (25 damage)
             ... on level 4 of the Dungeon.
             The game lasted 00:04:59 (2987 turns).

Chiseanne the Trooper (Demonspawn Wanderer)         Turns: 2987, Time: 00:05:00

Health: -10/48     AC:  9    Str: 14    XL:     6   Next: 20%
Magic:  7/7        EV: 11    Int: 11    God:
Gold:   138        SH:  4    Dex: 14    Spells: 7/7 levels left

rFire   . . .        a - +2 dagger (elec)
rCold   . . .        (no shield)
rNeg    . . .        q - +1 ring mail
rPois   .            (no helmet)
rElec   .            (no cloak)
rCorr   .            (no gloves)
SInv    .            k - +0 pair of boots
Will    .....        (no amulet)
Stlth   +            (no ring)
HPRegen 0.28/turn    (no ring)
MPRegen 0.10/turn

%: no passive effects
@: no status effects
A: yellow scales 1, condensation shield, demonic touch 2
a: no special abilities


You were on level 4 of the Dungeon.
You visited 1 branch of the dungeon, and saw 4 of its levels.

You collected 138 gold pieces.

Inventory:

Hand Weapons
 a - a +2 dagger of electrocution (weapon)
Missiles
 b - 2 atropa-tipped darts (quivered)
 c - 2 datura-tipped darts
 h - 7 javelins
 m - 22 stones
Armour
 k - a +0 pair of boots (worn)
 q - a +1 ring mail (worn)
Jewellery
 p - an amulet of magic regeneration
 s - a +4 ring of protection
 w - an amulet of regeneration
Wands
 d - a wand of polymorph (5)
 u - a wand of iceblast (8)
Scrolls
 e - 2 scrolls of fear
 g - 2 scrolls of teleportation
Potions
 f - a potion of cancellation {unknown}
 i - a potion of ambrosia {unknown}
 j - 2 potions of curing
 n - a potion of heal wounds
 o - a potion of degeneration {unknown}
 r - 2 potions of brilliance


   Skills:
 * Level 4.1 Fighting
 * Level 3.0 Armour
 * Level 3.6 Dodging
 - Level 2.6 Stealth
 - Level 1.0 Spellcasting
 - Level 2.0 Evocations


You had 7 spell levels left.
You didn't know any spells.
Your spell library contained the following spells:

 Spells                   Type           Power      Damage    Failure   Level
 Slow                     Hex            0%         N/A       54%         1
 Lesser Beckoning         Tloc           0%         N/A       67%         2
 Confusing Touch          Hex            0%         N/A       88%         3
 Gell's Gravitas          Tloc           0%         N/A       88%         3
 Sigil of Binding         Hex            0%         N/A       88%         3
 Teleport Other           Tloc           0%         N/A       88%         3
 Vampiric Draining        Necr           0%         2d6       88%         3


Dungeon Overview and Level Annotations

Branches:
Dungeon (4/15)
 Temple: D:4-7

Altars:

Shops:
D:3 =


Innate Abilities, Weirdness & Mutations

You are partially covered in yellow scales. (AC +2)
A meltable shield of frost defends you. (SH +4)
Your touch may inflict irresistible damage on your foes.


Message History

No target in view!
No target in view!
No target in view!
No target in view!
No target in view!
No target in view!
No target in view!
No target in view!
Done exploring.
Done exploring.
As you read the scroll labelled UKY TEH VARIPP, it crumbles to dust.
It is a scroll of enchant armour.
Your +0 ring mail glows green for a moment.
As you read the scroll labelled HOJEWO FOUJEAV, it crumbles to dust.
You feel momentarily disoriented.
It was a scroll of revelation.
As you read the scroll labelled EXENNE ELUCW, it crumbles to dust.
It is a scroll of enchant weapon.
Your +1 dagger of electrocution glows red for a moment.
Done exploring.
There is a stone staircase leading down here.
You climb downwards.
There is a stone staircase leading up here.
An ogre comes into view. It is wielding a +0 giant spiked club.
The ogre shouts!
The ogre hits you with a +0 giant spiked club!
You hit the ogre.
The ogre is lightly wounded.
You hit the ogre but do no damage.
You touch the ogre!
The ogre is heavily wounded.
The ogre hits you with a +0 giant spiked club!!
You hit the ogre.
The ogre is heavily wounded.
The ogre barely misses you.
You hit the ogre.
You touch the ogre!
The ogre is almost dead.
You hit the ogre but do no damage.
The ogre is almost dead.
The ogre hits you with a +0 giant spiked club!!
Ouch! That really hurt!
You die...

...# ## ...#
#.# +#...#+
#..###.....###
#.............
#.......⌠.....
#.............
###@....#
##..#O..#..#
#...#...#
#<.##...# ####
...# ####


You could see an ogre.

Vanquished Creatures
  Grinder (D:3)
  Ijyb (D:3)
  3 adders
  2 ribbon worms (D:2)
  3 orcs (D:3)
  4 endoplasms
  A giant cockroach (D:3)
  9 goblins
  3 hobgoblins
  8 jackals (D:1)
  4 kobolds
  4 quokkas
  6 ball pythons
  10 bats
  6 rats
65 creatures vanquished.

Notes
Turn   | Place    | Note
-------+----------+-------------------------------------------
     0 | D:1      | Chiseanne the Demonspawn Wanderer began the quest for the
                  | Orb.
     0 | D:1      | Chiseanne set off with the following items: a +1 dagger, 2
                  | atropa-tipped darts, 2 datura-tipped darts, a wand of
                  | polymorph (5), a scroll of fear, a +0 leather armour.
     0 | D:1      | Reached XP level 1. HP: 16/16 MP: 2/2
   292 | D:1      | Gained mutation: A meltable shield of frost defends you.
                  | (SH +4) [demonic ancestry]
   292 | D:1      | Reached XP level 2. HP: 22/22 MP: 3/3
   292 | D:1      | You fall into a shaft and drop 1 floor!
   324 | D:2      | Reached skill level 1 in Armour
   512 | D:1      | Reached XP level 3. HP: 26/28 MP: 4/4
   739 | D:1      | Found a faded altar of an unknown god.
  1721 | D:2      | Reached skill level 3 in Fighting
  1864 | D:2      | Gained mutation: You are partially covered in yellow
                  | scales. (AC +2) [demonic ancestry]
  1864 | D:2      | Reached XP level 4. HP: 33/35 MP: 5/5
  2463 | D:3      | Noticed Grinder
  2468 | D:3      | Paralysed by Grinder for 3 turns
  2473 | D:3      | Paralysed by Grinder for 3 turns
  2486 | D:3      | Paralysed by Grinder for 3 turns
  2492 | D:3      | Killed Grinder
  2493 | D:3      | Reached skill level 4 in Fighting
  2493 | D:3      | Gained mutation: Your touch may inflict minor irresistible
                  | damage on your foes. [demonic ancestry]
  2493 | D:3      | Reached XP level 5. HP: 24/42 MP: 6/6
  2493 | D:3      | Gained mutation: Your touch may inflict irresistible damage
                  | on your foes. [demonic ancestry]
  2493 | D:3      | Reached XP level 6. HP: 28/48 MP: 7/7
  2573 | D:3      | Found Des Tereotu's Jewellery Shop.
  2780 | D:3      | Noticed Ijyb
  2786 | D:3      | Killed Ijyb
  2987 | D:4      | Mangled by an ogre

Illustrated notes

Levels and vault maps discovered:
D:1:      dpeg_arrival_brainrot, layout_loops_ring,
          shapermc_ecumenical_altar_pompeii
D:2:      layout_basic, minmay_puff
D:3:      layout_basic, serial_shops, nicolae_shop_window_shopping, uniq_ijyb,
          uniq_grinder
D:4:      layout_loops_corners, grunt_ministairs_6

Skill      XL: |  1  2  3  4  5  6 |
---------------+-------------------+-----
Dodging        | 2 3 |  3.6
Armour         | 1 2 3 |  3.0
Fighting       | 3 4 |  4.1
Stealth        | |  2.6
Spellcasting   | |  1.0
Evocations     | |  2.0

Action                     |  1- 3 |  4- 6 || total
---------------------------+-------+-------++-------
  Melee: Dagger            |   209 |   111 ||   320
         Punch             |     3 |     3 ||     6
         Touch             |       |     6 ||     6
  Throw: Dart              |       |     1 ||     1
    Use: Scroll            |     7 |     8 ||    15
         Potion            |       |     1 ||     1
   Stab: Sleeping          |     3 |     3 ||     6
 Armour: Leather armour    |    42 |       ||    42
         Ring mail         |    56 |    55 ||   111
  Dodge: Dodged            |   136 |    42 ||   178
  Block: Other             |    22 |    17 ||    39
